AoeStats
← Gcoli4599

Arena

509795308Analyzed
1v1 RM · 5d ago on Sep 28, 2026· 44m 16s· 2 players
Game mode
Random Map
Map size
Tiny (2 player)
Population
200
Speed
Normal
Resources
Standard
Victory
Conquest
Starting age
Dark Age
Ending age
Imperial Age
RankedLock teamsTeams togetherTeam positionsShared explorationLock speedFull tech treeHidden civsTurbo modeCheats
Victory
Defeat
🇨🇳 Magyars · China
526
+17
🇦🇷 Franks · Argentina
556
-17
Captain_S7
14:25 Feudal Age
15:45 Stone Mining
15:37 Horse Collar
15:44 Double-Bit Axe
16:39 Wheelbarrow
17:06 Man-at-Arms
21:36 Gold Mining
26:33 Castle Age
24:37 Fletching
24:51 Padded Archer Armor
24:41 Arson
26:04 Bloodlines
26:36 Scale Barding Armor
26:57 Scale Mail Armor
27:36 Bow Saw
27:38 Heavy Plow
27:34 Crossbowman
28:20 Bodkin Arrow
28:41 Leather Archer Armor
29:44 Gold Shaft Mining
29:58 Chain Barding Armor
29:42 Husbandry
29:22 Elite Skirmisher
30:45 Hand Cart
30:54 Hand Cart
30:28 Town Watch
32:32 Corvinian Army
33:05 Town Patrol
41:06 Thumb Ring
44:30 Imperial Age
Gcoli4599
3:12 Loom
5:26 Loom
11:46 Feudal Age
12:32 Town Watch
13:32 Wheelbarrow
13:44 Double-Bit Axe
14:22 Scale Mail Armor
15:51 Forging
20:29 Gold Mining
20:35 Stone Mining
25:22 Fletching
25:33 Padded Archer Armor
25:39 Scale Barding Armor
31:02 Castle Age
28:30 Man-at-Arms
33:25 Hand Cart
33:12 Town Patrol
33:28 Elite Skirmisher
34:33 Crossbowman
38:31 Pikeman
39:12 Squires
Connection lost

Rejoining the realm…

Still unreachable

The connection could not be restored.

Session expired

The server has moved on; the page needs a fresh start.